AoeStats
← Dd

African Clearing

510482822Analyzed
4v4 RM · 6h ago on Oct 1, 2026· 42m 14s· 8 players
Game mode
Random Map
Map size
Large (8 player)
Population
200
Speed
Normal
Resources
Standard
Victory
Conquest
Starting age
Dark Age
Ending age
Imperial Age
RankedLock teamsTeams togetherTeam positionsShared explorationLock speedFull tech treeHidden civsTurbo modeCheats
Victory
Defeat
🇨🇳 Burgundians · China
1408
+15
🇨🇳 Armenians · China
1380
+16
🇨🇳 Persians · China
1344
+17
🇨🇳 Mongols · China
1323
+18
🇨🇳 Huns · China
1439
-19
🇺🇸 Burmese · United States
1384
-17
🇩🇪 Malay · Germany
1357
-16
🇲🇽 Mongols · Mexico
1318
-15
鸡比拜神
3:38 Loom
11:28 Feudal Age
11:58 Double-Bit Axe
14:29 Fletching
23:11 Castle Age
23:21 Crossbowman
23:56 Bodkin Arrow
24:52 Padded Archer Armor
25:29 Wheelbarrow
25:05 Bow Saw
27:08 Town Watch
29:08 Hand Cart
33:50 Ballistics
38:50 Imperial Age
36:53 Leather Archer Armor
36:34 Gold Mining
38:53 Elite Composite Bowman
39:45 Bracer
40:19 Ring Archer Armor
40:52 Chemistry
40:31 Gold Shaft Mining
40:53 Conscription
肥肥猫
10:24 Loom
12:29 Feudal Age
13:37 Double-Bit Axe
16:35 Castle Age
14:35 Gold Mining
15:30 Fletching
16:10 Padded Archer Armor
17:36 Bodkin Arrow
26:24 Bow Saw
29:33 Stone Mining
35:02 Leather Archer Armor
35:19 Bloodlines
35:10 Husbandry
39:34 Imperial Age
37:01 Horse Collar
38:02 Gold Shaft Mining
38:32 Wheelbarrow
38:39 Stone Shaft Mining
38:31 Ballistics
39:35 Elite Mangudai
41:23 Chemistry
40:26 Bracer
长相犯罪
5:40 Loom
13:03 Feudal Age
15:54 Double-Bit Axe
20:36 Castle Age
19:19 Horse Collar
24:35 Scale Barding Armor
27:04 Bow Saw
27:06 Heavy Plow
28:14 Bloodlines
28:59 Gold Mining
29:00 Stone Mining
35:51 Gold Shaft Mining
35:28 Forging
36:43 Husbandry
39:29 Fletching
41:55 Bodkin Arrow
愿随心
10:11 Loom
12:29 Feudal Age
18:15 Castle Age
16:40 Double-Bit Axe
19:05 Horse Collar
20:47 Wheelbarrow
20:50 Bow Saw
24:34 Gold Mining
25:32 Scale Barding Armor
25:11 Cavalier
26:51 Chain Barding Armor
27:50 Hand Cart
27:59 Husbandry
29:48 Forging
31:14 Iron Casting
32:39 Gold Shaft Mining
40:13 Imperial Age
39:13 Herbal Medicine
40:43 Stone Mining
41:11 Heavy Plow
42:13 Two-Man Saw
40:47 Paladin
42:47 Plate Barding Armor
Neuron MX
10:19 Loom
12:35 Feudal Age
17:53 Castle Age
16:38 Fletching
17:53 Double-Bit Axe
24:32 Ballistics
26:03 Bodkin Arrow
27:36 Town Watch
33:01 Padded Archer Armor
35:16 Bow Saw
34:50 Horse Collar
36:28 Wheelbarrow
38:48 Heavy Plow
39:32 Gold Mining
40:02 Hand Cart
Lynx
5:55 Loom
13:51 Feudal Age
13:47 Double-Bit Axe
17:13 Fishing Lines
20:15 Castle Age
20:19 Bow Saw
25:31 Thalassocracy
26:46 Wheelbarrow
26:28 Fletching
29:53 Hand Cart
29:50 Bodkin Arrow
Dd
9:36 Loom
12:33 Feudal Age
16:53 Castle Age
16:43 Fletching
17:46 Double-Bit Axe
19:35 Padded Archer Armor
21:37 Husbandry
24:15 Bodkin Arrow
28:45 Ballistics
30:35 Leather Archer Armor
35:37 Bloodlines
36:34 Town Watch
39:10 Thumb Ring
40:33 Wheelbarrow
45:11 Imperial Age
Danilo Solari
4:35 Loom
15:26 Feudal Age
20:38 Town Watch
33:17 Castle Age
Connection lost

Rejoining the realm…

Still unreachable

The connection could not be restored.

Session expired

The server has moved on; the page needs a fresh start.